 Dungeon Crawl Stone Soup version 0.24.0-123-gd5b16e6ec5 (webtiles) character file.

Game seed: 9988531925143034907, levelgen mode: deterministic

15374 Jynx the Bludgeoner (level 12, -1/90 HPs)
             Began as a Minotaur Fighter on Jan 18, 2020.
             Was the Champion of Okawaru.
             Slain by a black mamba (3 damage)
             ... on level 6 of the Lair of Beasts.
             The game lasted 00:20:38 (13462 turns).

Jynx the Bludgeoner (Minotaur Fighter)             Turns: 13462, Time: 00:20:39

Health: -1/90      AC: 12    Str: 22    XL:     12   Next: 0%
Magic:  13/13      EV: 14    Int:  5    God:    Okawaru [******]
Gold:   779        SH:  0    Dex: 14    Spells: 11/11 levels left

rFire    + . .     SeeInvis .   e - +2 dire flail (holy)
rCold    . . .     Gourm    .   (shield currently unavailable)
rNeg     . . .     Faith    .   B - +1 ring mail of Pedilir {rF+ MR+ Stlth+}
rPois    +         Spirit   .   (helmet restricted)
rElec    .         Reflect  .   t - +0 cloak
rCorr    .         Harm     .   (no gloves)
MR       +....                  (no boots)
Stlth    +++.......             r - amulet of magic regeneration
HPRegen  0.25/turn              h - +3 ring of protection
MPRegen  0.38/turn              E - ring of poison resistance

@: about to teleport, heroism, studying Slings
A: retaliatory headbutt, horns 2
a: Heroism, Finesse, Renounce Religion


You were on level 6 of the Lair of Beasts.
You worshipped Okawaru.
Okawaru was exalted by your worship.
You were not hungry.

You visited 2 branches of the dungeon, and saw 14 of its levels.

You collected 779 gold pieces.

Inventory:

Hand Weapons
 e - a +2 dire flail of holy wrath (weapon)
 s - a +3 flail of protection
Armour
 m - a +3 chain mail
 t - a +0 cloak (worn)
 B - the +1 ring mail of Pedilir (worn) {rF+ MR+ Stlth+}
   (You found it on level 3 of the Lair of Beasts)

   It protects you from fire.
   It affects your resistance to hostile enchantments.
   It makes you more stealthy.
Jewellery
 d - a +3 ring of evasion
 h - a +3 ring of protection (left hand)
 r - an amulet of magic regeneration (around neck)
 E - a ring of poison resistance (right hand)
Wands
 l - a wand of paralysis (9)
 v - a wand of random effects (21)
 C - a wand of scattershot (5)
 G - a wand of polymorph (8)
 H - a wand of flame (18)
Scrolls
 a - a scroll of fog
 k - 6 scrolls of teleportation
 p - 6 scrolls of amnesia
 x - 2 scrolls of remove curse
 y - a scroll of identify
Potions
 b - 3 potions of cancellation
 i - 12 potions of curing
 j - 4 potions of mutation
 n - 2 potions of resistance
 o - a potion of haste {unknown}
 q - 2 potions of brilliance
 w - 3 potions of lignification
 z - 2 potions of magic {unknown}
 A - a potion of ambrosia {unknown}
 F - 3 potions of flight {unknown}
 I - a potion of might
Books
 u - a manual of Slings
Comestibles
 f - 14 rations


   Skills:
 - Level 3.6(8.6) Fighting
 * Level 20.5(25.5) Maces & Flails
 - Level 3.6(8.6) Armour
   Level 3.6(8.6) Shields
 + Level 3.8 Invocations


You had 11 spell levels left.
You didn't know any spells.
Your spell library contained the following spells:

 Spells                   Type           Power        Failure   Level  Hunger
 Animate Skeleton         Necr           N/A          61%         1    ##.....
 Apportation              Tloc           #.....       61%         1    ##.....
 Confusing Touch          Hex            #.....       61%         1    ##.....
 Flame Tongue             Conj/Fire      #....        61%         1    ##.....
 Summon Small Mammal      Summ           #...         61%         1    ##.....
 Call Imp                 Summ           #.......     75%         2    ###....
 Throw Flame              Conj/Fire      #.....       75%         2    ###....
 Call Canine Familiar     Summ           #.......     93%         3    ####...
 Conjure Flame            Conj/Fire      #.......     93%         3    ####...
 Inner Flame              Hex/Fire       #.......     93%         3    ####...
 Summon Guardian Golem    Hex/Summ       #.......     93%         3    ####...
 Sticky Flame             Conj/Fire      #.......     100%        4    #####..
 Summon Ice Beast         Ice/Summ       #.......     100%        4    #####..
 Summon Lightning Spire   Summ/Air       #.......     100%        4    #####..
 Fireball                 Conj/Fire      #.........   100%        5    ######.


Dungeon Overview and Level Annotations

Branches:
Dungeon (8/15)             Temple (0/1) D:7            Lair (6/6) D:8
  Swamp (0/4) Lair:3       Spider (0/4) Lair:4
  Slime: Lair:5-6

Altars:
Cheibriados
Gozag
Kikubaaqudgha
Nemelex Xobeh
Okawaru
Qazlal
Ru
Uskayaw
Vehumet
Wu Jian
Xom

Shops:
D:8 *

Annotations:
Lair:2 2 transporters, exclusion: oklob plant


Innate Abilities, Weirdness & Mutations

You reflexively headbutt those who attack you in melee.
You have a pair of horns on your head.


Message History

* * * LOW HITPOINT WARNING * * *
The black mamba barely misses you.
You feel much better. The bullfrog completely misses you.
The black mamba bites you!
* * * LOW HITPOINT WARNING * * *
You are poisoned.
The black mamba poisons you! The wolf closely misses you.
You furiously retaliate!
You headbutt the wolf.
You feel better. The black mamba bites you!
* * * LOW HITPOINT WARNING * * *
The wolf bites you.
* * * LOW HITPOINT WARNING * * *
The black mamba bites you but does no damage.
The wolf barely misses you.
A blink frog comes into view.
The spiny frog stings you!
* * * LOW HITPOINT WARNING * * *
As you read the scroll of teleportation, it crumbles to dust.
You feel strangely unstable. The black mamba bites you.
You die...

... #........
..... .........
.....###......F.
......#....)..#
.............#
..........S..##
.......F.PP...##
......FSh...<..#
....##@##...###
. ### ....# .###
.. .. .


You could see a black mamba, a spiny frog, a blink frog, a water moccasin, a
wolf and a bullfrog.

Vanquished Creatures
  A hydra (Lair:1)
  A death yak (D:8)
  Pikel (D:5)
  7 elephants
  A black mamba (Lair:4)
  4 spiny frogs
  3 komodo dragons
  A rime drake (Lair:1)
  2 tyrant leeches
  A polar bear (Lair:3)
  5 blink frogs (Lair:3)
  3 hippogriffs
  Sigmund (D:6)
  2 basilisks (Lair:1)
  13 yaks
  A steam dragon (D:7)
  Menkaure (D:6)
  The ghost of Sysandra the Conjurer, an amateur DECj (D:6)
  7 water moccasins
  Duvessa (D:6)
  4 porcupines
  An ice beast (D:6)
  A sky beast (D:6)
  An ogre (D:7)
  2 wolves
  2 centaurs
  8 crocodiles
  A big kobold (D:7)
  4 bullfrogs
  Dowan (D:6)
  4 scorpions
  A howler monkey (D:4)
  3 crimson imps (D:7)
  4 hounds
  7 orc priests
  A bullfrog skeleton (D:5)
  A centaur skeleton (D:4)
  2 jellies
  7 orc wizards
  7 worker ants
  A spectral hound (D:6)
  2 hound skeletons
  A howler monkey skeleton (D:4)
  4 adders
  A shadow imp (D:7)
  An ooze (D:2)
  An adder skeleton (D:7)
  A worm (D:2)
  A dart slug (D:4)
  5 leopard geckos
  21 orcs
  5 giant cockroaches
  5 goblins
  4 hobgoblins
  3 jackals (D:7)
  7 quokkas
  7 bats
  5 frilled lizards
  9 kobolds
  A leopard gecko skeleton (D:6)
  A leopard gecko zombie (D:7)
  7 rats
  A spectral quokka (D:6)
213 creatures vanquished.

Vanquished Creatures (others)
  A fungus (Lair:3)
1 creature vanquished.

Grand Total: 214 creatures vanquished

Notes
Turn   | Place    | Note
-------+----------+-------------------------------------------
     0 | D:1      | Jynx the Minotaur Fighter began the quest for the Orb.
     0 | D:1      | Reached XP level 1. HP: 19/19 MP: 0/0
    56 | D:1      | Reached skill level 3 in Maces & Flails
    78 | D:1      | Reached XP level 2. HP: 26/26 MP: 1/1
   546 | D:1      | Reached skill level 4 in Maces & Flails
   768 | D:2      | Reached XP level 3. HP: 23/31 MP: 2/2
   966 | D:2      | Found a sparkling altar of Nemelex Xobeh.
  1158 | D:2      | Reached skill level 5 in Maces & Flails
  1798 | D:3      | Reached XP level 4. HP: 33/39 MP: 3/3
  1877 | D:3      | Found an opulent altar of Gozag.
  2221 | D:3      | Found a shimmering altar of Xom.
  2223 | D:3      | Found a radiant altar of Vehumet.
  2223 | D:3      | Found a radiant altar of Vehumet.
  2225 | D:3      | Found a glowing silver altar of Zin.
  2225 | D:3      | Found a shimmering altar of Xom.
  2225 | D:3      | Found a sacrificial altar of Ru.
  2337 | D:4      | Reached skill level 6 in Maces & Flails
  2494 | D:4      | Reached XP level 5. HP: 43/45 MP: 4/4
  2508 | D:4      | Reached skill level 7 in Maces & Flails
  2512 | D:4      | Reached XP level 6. HP: 42/51 MP: 5/5
  2845 | D:4      | Found a snail-covered altar of Cheibriados.
  2953 | D:4      | Reached skill level 8 in Maces & Flails
  3093 | D:5      | Entered Level 5 of the Dungeon
  3202 | D:5      | Found an ancient bone altar of Kikubaaqudgha.
  3203 | D:5      | Found a radiant altar of Vehumet.
  3211 | D:5      | Found a stormy altar of Qazlal.
  3212 | D:5      | Found an ornate altar of the Wu Jian Council.
  3213 | D:5      | Found a hide-covered altar of Uskayaw.
  3214 | D:5      | Found an iron altar of Okawaru.
  3222 | D:5      | Became a worshipper of Warmaster Okawaru
  3524 | D:5      | Noticed a slave
  3525 | D:5      | Noticed Pikel
  3526 | D:5      | Noticed a slave
  3527 | D:5      | Noticed a slave
  3528 | D:5      | Noticed a slave
  3541 | D:5      | Killed Pikel
  3541 | D:5      | Reached * piety under Okawaru
  3541 | D:5      | Reached ** piety under Okawaru
  3541 | D:5      | Reached skill level 10 in Maces & Flails
  3541 | D:5      | Reached XP level 7. HP: 43/57 MP: 6/6
  3729 | D:6      | Noticed Duvessa
  3729 | D:6      | Noticed Dowan
  3809 | D:6      | Reached skill level 11 in Maces & Flails
  3828 | D:6      | Killed Duvessa
  3828 | D:6      | Reached XP level 8. HP: 53/64 MP: 7/7
  3831 | D:6      | Killed Dowan
  4188 | D:6      | Noticed Menkaure
  4192 | D:6      | Killed Menkaure
  4192 | D:6      | Reached skill level 12 in Maces & Flails
  4462 | D:6      | Reached skill level 13 in Maces & Flails
  4470 | D:6      | Reached *** piety under Okawaru
  4557 | D:6      | Found a runed translucent gate.
  4557 | D:6      | Found a runed translucent gate.
  4558 | D:6      | Found a runed translucent gate.
  4559 | D:6      | Noticed Sysandra's ghost (amateur DECj)
  4569 | D:6      | Noticed Sigmund
  4579 | D:6      | Killed Sigmund
  4590 | D:6      | Found a sacrificial altar of Ru.
  4975 | D:6      | Killed Sysandra's ghost
  4975 | D:6      | Reached XP level 9. HP: 68/70 MP: 8/8
  5206 | D:7      | Found a staircase to the Ecumenical Temple.
  5282 | D:7      | Reached skill level 14 in Maces & Flails
  5433 | D:7      | Found a shimmering altar of Xom.
  5821 | D:7      | Reached skill level 15 in Maces & Flails
  6195 | D:8      | Found Tukip's Assorted Antiques.
  6245 | D:8      | Noticed a death yak
  6247 | D:8      | Noticed an elephant
  6556 | D:8      | Found an opulent altar of Gozag.
  6556 | D:8      | Found a staircase to the Lair.
  6706 | D:7      | Killed an elephant
  6706 | D:7      | Reached **** piety under Okawaru
  6706 | D:7      | Reached skill level 16 in Maces & Flails
  6940 | D:8      | Reached XP level 10. HP: 71/77 MP: 9/9
  7167 | D:8      | Killed a death yak
  7241 | D:8      | Found a shimmering altar of Xom.
  7438 | Lair:1   | Entered Level 1 of the Lair of Beasts
  7476 | Lair:1   | Reached skill level 17 in Maces & Flails
  7502 | Lair:1   | Noticed a four-headed hydra
  7514 | Lair:1   | Killed a four-headed hydra
  8073 | Lair:1   | Reached skill level 18 in Maces & Flails
  8076 | Lair:1   | Reached ***** piety under Okawaru
  8640 | Lair:2   | Found a transporter.
  8646 | Lair:2   | Noticed a spiny frog
  8655 | Lair:2   | Killed a spiny frog
  9096 | Lair:2   | Reached XP level 11. HP: 36/82 MP: 10/10
  9620 | Lair:2   | Found a transporter.
  9624 | Lair:2   | Noticed a fire crab
  9624 | Lair:2   | Noticed a fire crab
  9624 | Lair:2   | Noticed a fire crab
  9694 | Lair:2   | Reached skill level 19 in Maces & Flails
  9697 | Lair:2   | Identified 2 scrolls of acquirement
  9705 | Lair:2   | Got a warped platinum ring
  9706 | Lair:2   | Identified the ring "Anonaf" {Str-2 Int+2 Dex+3 Stlth+}
                  | (You acquired it on level 2 of the Lair of Beasts)
  9813 | Lair:2   | Noticed an oklob plant
 11243 | Lair:3   | Got a steaming ring mail
 11254 | Lair:3   | Identified the cursed +1 ring mail of Pedilir {rF+ MR+
                  | Stlth+} (You found it on level 3 of the Lair of Beasts)
 11283 | Lair:3   | Found a staircase to the Swamp.
 11473 | Lair:3   | Reached skill level 1 in Invocations
 11879 | Lair:4   | Reached skill level 20 in Maces & Flails
 12403 | Lair:4   | Found a hole to the Spider Nest.
 12438 | Lair:4   | Reached ****** piety under Okawaru
 12745 | Lair:4   | Received a gift from Okawaru
 13433 | Lair:5   | Noticed a fire crab
 13450 | Lair:6   | Entered Level 6 of the Lair of Beasts
 13454 | Lair:6   | Reached XP level 12. HP: 58/90 MP: 10/13
 13461 | Lair:6   | HP: 2/90 [spiny frog (16)]
 13462 | Lair:6   | Slain by a black mamba

Levels and vault maps discovered:
D:1:      psy_arrival_dodecagon, layout_basic
D:2:      layout_basic, nemelex_dance_club_becter
D:3:      layout_loops_ring, grunt_gozag_statues, doesnt_xom_only_xom
D:4:      layout_loops_cross, first_ration, kennysheep_slug_shrine
D:5:      layout_basic, grunt_temple_overflow_open, minmay_misc_feat_cross,
          minmay_liquid_box, uniq_pikel
D:6:      layout_cave_pools, nicolae_ru_the_path_less_chosen,
          gammafunk_ghost_necromancy, minmay_manual_macuahuitl, uniq_menkaure,
          uniq_sigmund, uniq_duvessa
D:7:      layout_basic, minmay_temple_entry_wispy, basic_altar,
          kennysheep_generic_room_8
D:8:      layout_basic, kennysheep_little_box, david_lair_generic, serial_shops,
          shop, basic_altar
Lair:1:   layout_roguey, nicolae_quartered_pool_super, hibernation_bobbens
Lair:2:   gammafunk_cloud_chamber, layout_loops_ring, minmay_lair_oklob_chamber
Lair:3:   layout_regular_city, minmay_swamp_entry_worms, serial_bayou_shore_a,
          grunt_megastairs_2
Lair:4:   layout_cave_pods, spider_nest_entry_a
Lair:5:   layout_cave_shapes, slime_altar_1, nicolae_lair_yak_garden,
          grunt_megastairs_3, uniq_snorg
Lair:6:   evil_forest, layout_gridlike, gammafunk_ghost_wrathful_warriors,
          lemuel_fruit_tree

Skill      XL: |  1  2  3  4  5  6  7  8  9 10 11 |
---------------+----------------------------------+-----
Maces & Flails | 3 4 5 6 7 10 11 13 16 18 20 | 20.5
Invocations    | 3 |  3.8
Fighting       | |  3.6
Armour         | |  3.6
Shields        | |  3.6

Action                   |  1- 3 |  4- 6 |  7- 9 | 10-12 || total
-------------------------+-------+-------+-------+-------++-------
Melee: Flail             |   107 |    97 |   243 |   149 ||   596
       Headbutt          |    13 |    16 |    40 |    78 ||   147
       Punch             |       |       |       |     1 ||     1
       Dire flail        |       |       |       |   198 ||   198
Invok: Heroism           |       |       |     1 |     9 ||    10
       Finesse           |       |       |       |     1 ||     1
  Use: Scroll            |    10 |     1 |    11 |    18 ||    40
       Potion            |       |       |     4 |     4 ||     8
 Stab: Invisible         |       |       |       |     2 ||     2
  Eat: Chunk             |     3 |     5 |    11 |    17 ||    36
       Ration            |       |       |       |     1 ||     1
Armor: Scale mail        |    47 |       |       |       ||    47
       Chain mail        |    11 |    51 |   117 |    70 ||   249
       Ring mail         |       |       |       |    40 ||    40
Dodge: Dodged            |    53 |    28 |    90 |   146 ||   317
